 Dungeon Crawl Stone Soup version 0.29-a0-297-g7659ce593d (webtiles) character file.

Game seed: 3431652529539856099

4094 kae the Arsonist (level 10, 0/60 HPs)
             Began as a Tengu Fire Elementalist on Mar 20, 2022.
             Succumbed to a hornet's poison
             ... on level 9 of the Dungeon.
             The game lasted 00:09:28 (11752 turns).

kae the Arsonist (Tengu Fire Elementalist)         Turns: 11752, Time: 00:09:28

Health: 0/60       AC:  4    Str:  8    XL:     10   Next: 26%
Magic:  20/28      EV: 14    Int: 20    God:
Gold:   1740       SH:  0    Dex: 15    Spells: 11/20 levels left

rFire   . . .      SeeInvis .   e - +1 spear
rCold   . . .      Faith    .   (no shield)
rNeg    . . .      Spirit   .   a - +1 robe
rPois   +          Reflect  .   (helmet restricted)
rElec   .          Harm     .   w - +0 cloak
rCorr   .          Rampage  .   (no gloves)
Will    .....                   (boots unavailable)
Stlth   ++........              (no amulet)
HPRegen 0.20/turn               f - ring of magical power
MPRegen 0.21/turn               h - ring of poison resistance

@: lethally poisoned (0 -> -5), flying quickly and evasively, quick
A: beak, talons 3, nimble flight
a: no special abilities


You were on level 9 of the Dungeon.
You visited 2 branches of the dungeon, and saw 10 of its levels.

You collected 1740 gold pieces.

Inventory:

Hand Weapons
 e - a +1 spear (weapon)
Missiles
 y - a throwing net
Armour
 a - a +1 robe (worn)
 w - a +0 cloak (worn)
Magical Staves
 g - a staff of fire
Jewellery
 f - a ring of magical power (left hand)
 h - a ring of poison resistance (right hand)
 m - a +6 ring of dexterity
 n - a ring of protection from fire
 p - a +4 ring of evasion
 v - a ring of magical power
Wands
 r - a wand of polymorph (7)
 u - a wand of flame (31)
 A - a wand of paralysis (7)
 C - a wand of mindburst (21)
Scrolls
 d - 2 scrolls of blinking
 o - a scroll of magic mapping
 s - 2 scrolls of enchant armour
 x - a scroll of fog
Potions
 b - a potion of magic
 c - 5 potions of curing
 i - a potion of mutation
 j - a potion of lignification
 k - a potion of invisibility
 l - a potion of heal wounds {unknown}
 q - 2 potions of degeneration {unknown}
 t - a potion of attraction {unknown}
 z - a potion of cancellation {unknown}
 B - a potion of resistance {unknown}


   Skills:
 + Level 5.9 Fighting
 - Level 2.1 Dodging
 - Level 2.0 Stealth
 + Level 5.7 Spellcasting
 + Level 7.9 Conjurations
 * Level 10.0 Fire Magic
 + Level 5.2 Evocations


You had 11 spell levels left.
You knew the following spells:

 Your Spells              Type           Power      Damage    Failure   Level
a - Foxfire               Conj/Fire      100%       2x1d9     1%          1
b - Scorch                Fire           92%        2d10      1%          2
c - Conjure Flame         Conj/Fire      41%        6-21      1%          3
d - Inner Flame           Hex/Fire       25%        N/A       4%          3

Your spell library contained the following spells:

 Spells                   Type           Power      Damage    Failure   Level
 Flame Wave               Conj/Fire      41%        2d9       2%          4
 Stone Arrow              Conj/Erth      42%        3d9       6%          3
 Animate Skeleton         Necr           10%        N/A       11%         1
 Apportation              Tloc           10%        N/A       11%         1
 Sandblast                Erth           10%        2d5       11%         1
 Summon Small Mammal      Summ           20%        N/A       11%         1
 Passwall                 Tmut/Erth      4%         N/A       16%         2


Dungeon Overview and Level Annotations

Branches:
Dungeon (9/15)             Temple (1/1) D:6
   Lair: D:8-11         Orc: D:9-12

Altars:
Ashenzari
Cheibriados
Dithmenos
Elyvilon
Fedhas
Gozag
Hepliaklqana
Kikubaaqudgha
Makhleb
Nemelex Xobeh
Okawaru
Qazlal
Ru
Sif Muna
Trog
Uskayaw
Vehumet
Xom
Yredelemnul
Zin
The Shining One
Beogh


Innate Abilities, Weirdness & Mutations

You have a beak for a mouth.
You have claws for feet.
Your magical nature lets you fly swiftly and evasively.


Message History

The killer bee is moderately wounded.
The killer bee's fire resistance burns away.
You hear an angry buzzing noise.
The killer bee stings you! The killer bee barely misses you.
The killer bee closely misses you.
A hornet comes into view.
The killer bee stings you.
Casting: Scorch (safe; 1% risk of failure)
Confirm with . or Enter, or press ? or * to list all spells.
Flames lash the killer bee.
The killer bee is burned terribly!
The killer bee is almost dead.
The killer bee barely misses you.
The killer bee stings you but does no damage.
The killer bee closely misses you. The killer bee stings you.
Casting: Scorch (safe; 1% risk of failure)
Confirm with . or Enter, or press ? or * to list all spells.
Flames lash the killer bee.
The killer bee is burned terribly!
You kill the killer bee!
The hornet stings you but does no damage.
The hornet stings you!
You are poisoned.
Casting: Scorch (safe; 1% risk of failure)
Confirm with . or Enter, or press ? or * to list all spells.
Flames lash the hornet.
The hornet is heavily wounded.
The hornet's fire resistance burns away.
You feel very sick. The hornet stings you!
* * * LOW HITPOINT WARNING * * *
The hornet stings you!
* * * LOW HITPOINT WARNING * * *
* * * LOW HITPOINT WARNING * * *
You feel sick. The hornet closely misses you.
Casting: Scorch (safe; 1% risk of failure)
Confirm with . or Enter, or press ? or * to list all spells.
Flames lash the hornet.
The hornet is burned terribly!
You kill the hornet!
* * * LOW HITPOINT WARNING * * *
You feel sick.
You die...

###.# .#..# ......
.#..## ....###
......###.#...#
......####......#.....#
.....................##
.......... ...........##
.......... ...........
.....#.... #.........
#......... #.@.......
##......#######...##..##
.........##.#.........#
..........#............
###..........#..........
#..........##........##
...>...$.###........##
........[...........#
......y....###.....##


There were no monsters in sight!

Vanquished Creatures
  Joseph (D:8)
  Grinder (D:5)
  A hornet (D:9)
  Sigmund (D:6)
  A vampire (D:8)
  2 yaks (D:9)
  A neqoxec (D:8)
  A water moccasin (D:7)
  3 orc warriors
  5 ice beasts
  An ogre (D:5)
  A phantom (D:6)
  A kobold brigand (D:6)
  A necrophage (D:7)
  A scorpion (D:4)
  3 killer bees
  5 howler monkeys
  A centaur zombie (D:5)
  A jelly (D:7)
  4 orc priests
  2 gnoll shamans
  3 hounds
  2 iguanas
  Crazy Yiuf (D:6)
  11 orc wizards
  A hound zombie (D:5)
  22 gnolls
  10 adders
  A shadow imp (D:6)
  A white imp (D:7)
  2 ufetubi (D:5)
  A worm (D:4)
  3 dart slugs
  32 orcs
  8 bats
  6 endoplasms
  2 giant cockroaches
  9 goblins
  5 hobgoblins
  6 jackals
  6 quokkas
  7 ball pythons
  5 frilled lizards
  8 kobolds
  4 rats
194 creatures vanquished.

Vanquished Creatures (collateral kills)
  A foxfire (D:3)
1 creature vanquished.

Vanquished Creatures (others)
  521 foxfires
  4 toadstools (D:1)
525 creatures vanquished.

Grand Total: 720 creatures vanquished

Notes
Turn   | Place    | Note
-------+----------+-------------------------------------------
     0 | D:1      | kae the Tengu Fire Elementalist began the quest for the
                  | Orb.
     0 | D:1      | Reached XP level 1. HP: 10/10 MP: 4/4
   276 | D:1      | Reached XP level 2. HP: 16/16 MP: 3/6
  1001 | D:1      | Reached XP level 3. HP: 19/20 MP: 7/7
  1161 | D:1      | Reached skill level 1 in Fighting
  1288 | D:2      | Reached skill level 4 in Fire Magic
  1588 | D:2      | Found an opulent altar of Gozag.
  1948 | D:2      | Reached XP level 4. HP: 12/25 MP: 8/8
  2157 | D:2      | Learned a level 2 spell: Scorch
  2161 | D:2      | Learned a level 3 spell: Conjure Flame
  2530 | D:2      | Gained mutation: Your magical nature lets you fly swiftly
                  | and evasively. [Tengu growth]
  2530 | D:2      | Reached XP level 5. HP: 26/30 MP: 10/10
  3625 | D:3      | Found an iron altar of Okawaru.
  3702 | D:3      | Reached skill level 5 in Fire Magic
  4271 | D:4      | Reached XP level 6. HP: 35/35 MP: 11/11
  4314 | D:4      | Found a hazy altar of Hepliaklqana.
  4729 | D:4      | Identified the +8 hunting sling "Vuoqor" {venom, MP+9 Int+3
                  | Dex-3}
  5065 | D:4      | Learned a level 3 spell: Inner Flame
  5076 | D:5      | Entered Level 5 of the Dungeon
  5197 | D:5      | Noticed an ice beast
  5291 | D:5      | Reached skill level 1 in Evocations
  5330 | D:5      | Found a runed translucent door.
  5356 | D:5      | Reached XP level 7. HP: 34/40 MP: 10/12
  5422 | D:5      | Found a basalt altar of Yredelemnul.
  5713 | D:5      | Reached skill level 6 in Fire Magic
  5830 | D:5      | Noticed Grinder
  5849 | D:5      | Paralysed by Grinder for 7 turns
  5862 | D:5      | Killed Grinder
  6459 | D:5      | Reached XP level 8. HP: 39/46 MP: 10/14
  6460 | D:5      | Reached skill level 5 in Conjurations
  6754 | D:5      | Reached skill level 7 in Fire Magic
  6917 | D:6      | Identified a scroll of acquirement
  6917 | D:6      | Acquired 1157 gold pieces
  7174 | D:6      | Noticed Sigmund
  7183 | D:6      | Killed Sigmund
  7348 | D:6      | Found a staircase to the Ecumenical Temple.
  7355 | Temple   | Entered the Ecumenical Temple
  7818 | D:6      | Reached skill level 8 in Fire Magic
  7818 | D:6      | Reached XP level 9. HP: 52/52 MP: 16/16
  8272 | D:6      | Found a runed translucent door.
  8273 | D:6      | Noticed Crazy Yiuf
  8282 | D:6      | Killed Crazy Yiuf
  8369 | D:7      | Found a sparkling altar of Nemelex Xobeh.
  8369 | D:7      | Found a white marble altar of Elyvilon.
  8369 | D:7      | Found a broken altar of Ashenzari.
  8369 | D:7      | Found a shadowy altar of Dithmenos.
  9251 | D:7      | Reached skill level 5 in Fighting
  9571 | D:7      | Found a hide-covered altar of Uskayaw.
  9675 | D:8      | Noticed Joseph
  9754 | D:8      | Reached skill level 5 in Spellcasting
 10047 | D:8      | Found a burning altar of Makhleb.
 10048 | D:8      | Found a shimmering altar of Xom.
 10085 | D:8      | Reached skill level 9 in Fire Magic
 11174 | D:8      | Killed Joseph
 11175 | D:8      | Reached XP level 10. HP: 43/60 MP: 19/19
 11317 | D:8      | Found a radiant altar of Vehumet.
 11421 | D:9      | Reached skill level 5 in Evocations
 11436 | D:9      | Noticed a two-headed ogre
 11673 | D:8      | Reached skill level 10 in Fire Magic
 11750 | D:9      | HP: 3/60 [poisoned by a hornet]
 11752 | D:9      | Succumbed to a hornet's poison

Illustrated notes

Levels and vault maps discovered:
D:1:      ldierk_walled_garden_2, layout_loops_ring
D:2:      layout_loops_ring, basic_altar
D:3:      layout_basic, kennysheep_okawaru_gauntlet
D:4:      layout_basic, mainiacjoe_overflow_brackets
D:5:      layout_basic, lemuel_zombie_altar_yredelemnul,
          lightli_church_of_beogh, uniq_grinder
D:6:      layout_basic, temple_green, uniq_crazy_yiuf_cottage, uniq_sigmund
D:7:      layout_cave_pools, grunt_temple_overflow_open, marbit_many_paths
D:8:      layout_rooms, grunt_temple_overflow_champion_of_chaos,
          mainiacjoe_overflow_tiny_flanked, uniq_joseph
D:9:      layout_cave_pools, david_lair_shrubbed
Temple:   zaba_magenta_temple

Skill      XL: |  1  2  3  4  5  6  7  8  9 10 |
---------------+-------------------------------+-----
Conjurations   | 2 3 4 6 7 |  7.9
Fighting       | 1 2 3 4 5 |  5.9
Fire Magic     | 4 5 6 8 9 10 | 10.0
Spellcasting   | 3 4 5 |  5.7
Evocations     | 1 2 3 4 5 |  5.2
Dodging        | |  2.1
Stealth        | |  2.0

Action                   |  1- 3 |  4- 6 |  7- 9 | 10-12 || total
-------------------------+-------+-------+-------+-------++-------
Melee: Unarmed           |     6 |       |       |       ||     6
       Kick              |     2 |       |    11 |       ||    13
       Punch             |     1 |       |       |       ||     1
       Staff             |       |       |    28 |       ||    28
       Peck              |       |       |     5 |       ||     5
 Cast: Foxfire           |    87 |    80 |   150 |     3 ||   320
       Scorch            |       |    34 |    98 |    12 ||   144
       Inner Flame       |       |     1 |     4 |     1 ||     6
       Conjure Flame     |       |       |     9 |       ||     9
Evoke: Wand              |       |       |     1 |       ||     1
  Use: Scroll            |       |     4 |    12 |     2 ||    18
 Stab: Invisible         |       |       |     2 |       ||     2
Armor: Robe              |    12 |     9 |    14 |     5 ||    40
Dodge: Dodged            |    49 |    35 |    41 |    30 ||   155

Table legend: (Time is in decaauts)
 A = Elapsed time spent in this place.
 B = Non-inter-level travel time spent in this place.
 C = Inter-level travel time spent in this place.
 D = Time resting spent in this place.
 E = Time spent auto-exploring this place.
 F = Levels seen in this place.
 G = Mean time per level.
                   A        B        C        D        E       F      G
               +--------+--------+--------+--------+--------+-----+--------+
         Total |  11273 |  10932 |    341 |   1475 |   7823 |  10 | 1127.3 |
       Dungeon |  11207 |  10883 |    324 |   1475 |   7778 |   9 | 1245.2 |
        Temple |     66 |     49 |     17 |      0 |     45 |   1 |   66.0 |
               +--------+--------+--------+--------+--------+-----+--------+

Top non-repeatable levels by time:
     D:8: 1780 daAuts
     D:5: 1743 daAuts
     D:1: 1532 daAuts
     D:7: 1402 daAuts
     D:3: 1345 daAuts
     D:2: 1244 daAuts
     D:6: 1167 daAuts
     D:4: 920 daAuts
     D:9: 69 daAuts
  Temple: 66 daAuts
